 Dungeon Crawl Stone Soup version 0.20.1-1-g8b1a95d (webtiles) character file.

21798 Gremour the Severer (level 12, -4/127 HPs)
             Began as a Hill Orc Monk on Jan 1, 2018.
             Was a High Priest of Beogh.
             Slain by a seven-headed hydra (11 damage)
             ... on level 14 of the Dungeon.
             The game lasted 01:06:34 (12479 turns).

Gremour the Severer (Hill Orc Monk)                Turns: 12479, Time: 01:06:34

Health: -4/127     AC: 24    Str: 15    XL:     12   Next: 93%
Magic:  18/18      EV:  8    Int: 10    God:    Beogh [*****.]
Gold:   514        SH:  5    Dex: 20    Spells: 9/11 levels left

rFire    . . .     SeeInvis .   a - +8 war axe of the Unkillable {freeze, *Contam rElec rC++ Dex+3}
rCold    + + .     Gourm    .   (no shield)
rNeg     . . .     Faith    .   L - +7 chain mail {MR+}
rPois    +         Spirit   .   e - +2 hat {MR+}
rElec    +         Reflect  +   C - +0 cloak {rPois}
rCorr    .         Harm     .   (no gloves)
MR       ++...                  (no boots)
Stlth    ..........             f - +5 amulet of reflection
Regen    0.4/turn               (no ring)
MPRegen  0.2/turn               (no ring)

@: no status effects
A: walk on water, slimy green scales 1, robust 1
a: Smiting, Recall Orcish Followers, Give Item to Named Follower, Renounce
Religion


You were on level 14 of the Dungeon.
You worshipped Beogh.
Beogh was extremely pleased with you.
You were not hungry.

You visited 1 branch of the dungeon, and saw 14 of its levels.

You collected 860 gold pieces.
You spent 346 gold pieces at shops.

Inventory:

Hand Weapons
 a - the +8 war axe of the Unkillable (weapon) {freeze, *Contam rElec rC++ Dex+3}
   (You found it on level 2 of the Dungeon)

   It has been specially enchanted to freeze those struck by it, causing extra
   injury to most foes and up to half again as much damage against particularly
   susceptible opponents.
   It can also slow down cold-blooded creatures.
   It affects your dexterity (+3).
   It greatly protects you from cold.
   It insulates you from electricity.
   It causes magical contamination when unequipped.
 d - the +8 hand axe of Execution {chop, Str+4 Dex+4}
   (You found it on level 8 of the Dungeon)

   It inflicts extra damage upon your enemies.
   It affects your strength (+4).
   It affects your dexterity (+4).
 J - a +1 broad axe of chaos
Missiles
 r - 28 tomahawks (quivered)
Armour
 e - a +2 hat of magic resistance (worn)
 C - a +0 cloak of poison resistance (worn)
 L - a +7 chain mail of magic resistance (worn)
Jewellery
 f - a +5 amulet of reflection (around neck)
 o - an uncursed ring of fire
 F - an uncursed amulet of regeneration
Wands
 p - a wand of iceblast (7/15)
 u - a wand of acid (5/15)
 x - a wand of flame (22/48)
 M - a wand of digging (24/24)
Scrolls
 h - 2 scrolls of teleportation
 i - 4 scrolls of identify
 k - 3 scrolls of enchant weapon
 l - a scroll of fear
 m - a scroll of enchant armour
 n - 8 scrolls of remove curse
 v - a scroll of magic mapping
 w - a scroll of immolation
Potions
 j - 2 potions of mutation
 q - 2 potions of might
 s - 3 potions of agility
 t - 4 potions of lignification
Books
 b - a book of Necromancy

   Spells                             Type                      Level
   a - Pain                           Necromancy                   1
   b - Animate Skeleton               Necromancy                   1
   c - Vampiric Draining              Necromancy                   3
   d - Regeneration                   Charms/Necromancy            3
   e - Animate Dead                   Necromancy                   4
   f - Control Undead                 Necromancy                   4
Comestibles
 c - 3 bread rations
 g - 6 meat rations
 A - 3 mutagenic chunks of flesh
 B - a chunk of flesh
 E - 15 royal jellies
 H - 2 fruits


   Skills:
 * Level 13.9 Fighting
 - Level 16.7 Axes
 * Level 10.3 Armour
 - Level 2.4 Dodging
 - Level 1.5 Stealth
 - Level 0.2 Transmutations
 - Level 0.6 Earth Magic
 * Level 8.4 Invocations


You had 9 spell levels left.
You knew the following spells:

 Your Spells              Type           Power        Failure   Level  Hunger
p - Passwall              Tmut/Erth      #.........   99%         2    ###....


Dungeon Overview and Level Annotations

Branches:
Dungeon (14/15)            Temple (0/1) D:7            Lair (0/6) D:10
    Orc (0/2) D:10         Vaults (0/5) D:14

Altars:
Ashenzari
Cheibriados
Fedhas
Hepliaklqana
Kikubaaqudgha
Okawaru
Qazlal
Ru
Sif Muna
Trog
Uskayaw
Vehumet
Yredelemnul

Shops:
D:4 ?   D:6 [   D:10 [(   D:11 %

Portals:
Trove: D:11 (give 17 scrolls of teleportation)

Annotations:
D:2 axe inside rock


Innate Abilities, Weirdness & Mutations

You can walk on water.
You are partially covered in slimy green scales. (AC +2)
You are robust. (+10% HP)


Message History

* * * LOW HITPOINT WARNING * * *
You block the seven-headed hydra's attack.
The seven-headed hydra bites you but does no damage.
You block the seven-headed hydra's attack.
The seven-headed hydra bites you but does no damage.
The seven-headed hydra barely misses you.
The seven-headed hydra bites you.
* * * LOW HITPOINT WARNING * * *
The green ugly thing basks in the mutagenic energy from its kin and changes!
As you read the scroll of fear, it crumbles to dust.
You assume a fearsome visage.
The seven-headed hydra looks frightened!
The green ugly thing looks frightened!
The white ugly thing looks frightened!
Okay, then.
You are no longer corroded.
The green ugly thing basks in the mutagenic energy from its kin and changes! x2
The seven-headed hydra seems to regain its courage.
The white ugly thing seems to regain its courage.
The seven-headed hydra bites you!
You die...

....#...##. ....#^..... .#
.......#### #.# .......#. #.#
#.#.# ...u...#. ..## .#.#
####u###. #.. .... #u..#. #.#
#..#. ###.#.########.# #..##
#uu.#.u...u..@.## #..##
#u####u......)D.# #..## #.#
#u########.# #..## #u#
##(##### #.# #.... #.#
#......####.# ########..#.
#.###......##...# ........#>#.
#...u......##.###########.###.
#####.(....##.# ..........<#.
#...[..##.#.#######...###.


You could see a seven-headed hydra and 4 ugly things.

Vanquished Creatures
  The ghost of Phong the Frost Mage, a journeyman DrIE of Sif Muna (D:12)
  A hydra (D:11)
  2 centaur warriors
  A two-headed ogre (D:12)
  2 unseen horrors
  An orc knight (D:11)
  A manticore (D:14)
  3 ugly things
  4 deep elf magi
  2 cyclopes
  2 centaur zombies
  A gargoyle (D:13)
  Psyche (D:12)
  2 komodo dragons (shapeshifter) (D:14)
  3 trolls
  3 hippogriffs
  2 dancing weapons (D:12)
  A centaur simulacrum (D:14)
  A water elemental (D:11)
  Sigmund (D:5)
  A shadow (D:11)
  5 wraiths
  8 yaks (D:13)
  Eustachio (D:4)
  2 vampire mosquitoes (D:12)
  4 hungry ghosts
  A water moccasin (shapeshifter) (D:14)
  4 soldier ants
  A water moccasin (D:8)
  An acid dragon (D:13)
  4 phantoms
  A hornet zombie (D:6)
  3 orc warriors
  3 sky beasts
  3 black bears
  2 ice beasts
  An ogre (D:11)
  4 centaurs
  A crocodile (D:13)
  An elf zombie (D:7)
  6 bullfrogs
  A water moccasin zombie (D:10)
  A troll zombie (D:7)
  A scorpion (D:5)
  15 killer bees
  8 wights
  2 electric eels (D:11)
  2 howler monkeys (D:4)
  A crimson imp (D:10)
  A bullfrog zombie (D:12)
  A human zombie (D:7)
  3 jellies
  2 quasits
  3 bullfrog skeletons
  2 centaur skeletons
  7 hounds
  Crazy Yiuf (D:5)
  Ijyb (D:4)
  4 orc wizards
  3 iguanas
  8 worker ants
  An ogre zombie (D:7)
  3 mummies (D:7)
  A howler monkey zombie (D:5)
  2 worker ant zombies (D:11)
  3 gnolls (D:10)
  A howler monkey skeleton (D:4)
  15 adders
  4 shadow imps
  2 adder skeletons (D:5)
  2 adder zombies
  4 worms
  2 dart slugs (D:1)
  5 leopard geckos
  9 orcs
  4 bats
  5 giant cockroaches
  8 hobgoblins
  34 jackals
  4 quokkas
  A ball python (D:3)
  10 frilled lizards
  5 goblins
  13 kobolds
  A leopard gecko skeleton (D:8)
  An orc zombie (D:7)
  4 rats
303 creatures vanquished.

Vanquished Creatures (collateral kills)
  2 unseen horrors
  A sky beast (D:9)
  An ice beast (D:10)
  A wyvern skeleton (D:9)
  A hound zombie (D:10)
  A worker ant zombie (D:11)
  A gnoll (D:10)
  An adder skeleton (D:10)
9 creatures vanquished.

Vanquished Creatures (others)
  An orc sorcerer (D:11)
  An orc warrior (D:10)
  An iguana (D:7)
  3 orcs (D:10)
6 creatures vanquished.

Grand Total: 318 creatures vanquished

Notes
Turn   | Place    | Note
-------+----------+-------------------------------------------
     0 | D:1      | Gremour the Hill Orc Monk began the quest for the Orb.
     0 | D:1      | Reached XP level 1. HP: 19/19 MP: 1/1
    71 | D:1      | Found a shattered altar of Ashenzari.
    79 | D:1      | Reached XP level 2. HP: 25/26 MP: 2/2
   291 | D:1      | Reached skill level 5 in Axes
   627 | D:1      | Reached XP level 3. HP: 27/31 MP: 3/3
   815 | D:2      | Reached skill level 6 in Axes
   967 | D:2      | Found a snail-covered altar of Cheibriados.
  1133 | D:2      | Reached XP level 4. HP: 38/39 MP: 4/4
  1716 | D:2      | Found a deep blue altar of Sif Muna.
  1867 | D:3      | Learned a level 2 spell: Passwall
  2021 | D:2      | Got a faintly glowing war axe
  2022 | D:2      | Identified the +8 war axe of the Unkillable {freeze, *Contam rElec rC++ Dex+3} (You found it on level 2 of the Dungeon)
  2081 | D:3      | Reached skill level 7 in Axes
  2161 | D:3      | Reached XP level 5. HP: 39/45 MP: 5/5
  2256 | D:3      | Found a stormy altar of Qazlal.
  2311 | D:3      | Found a radiant altar of Vehumet.
  2616 | D:3      | Reached skill level 8 in Axes
  2692 | D:3      | Found a sacrificial altar of Ru.
  2811 | D:4      | Found Gaduer's Magic Scroll Shoppe.
  2823 | D:4      | Noticed a phantom
  2826 | D:4      | Killed a phantom
  2826 | D:4      | Reached skill level 9 in Axes
  2826 | D:4      | Reached XP level 6. HP: 45/51 MP: 6/6
  2986 | D:4      | Noticed Ijyb
  2990 | D:4      | Noticed a phantom
  2998 | D:4      | Killed Ijyb
  3014 | D:4      | Killed a phantom
  3014 | D:4      | Reached skill level 10 in Axes
  3014 | D:4      | Reached XP level 7. HP: 33/57 MP: 7/7
  3340 | D:4      | Gained mutation: Your mind is acute. (Int +2) [mutagenic meat]
  3341 | D:4      | Gained mutation: You are agile. (Dex +2) [mutagenic meat]
  3342 | D:4      | Gained mutation: You are occasionally teleported next to monsters. [mutagenic meat]
  3343 | D:4      | Gained mutation: Your movements are slightly less encumbered by armour. (ER -2) [mutagenic meat]
  3344 | D:4      | Gained mutation: Your magical capacity is low. (-10% MP) [mutagenic meat]
  3345 | D:4      | Gained mutation: You have sharp toenails. [mutagenic meat]
  3450 | D:4      | Noticed Eustachio
  3457 | D:4      | Killed Eustachio
  3457 | D:4      | Reached skill level 11 in Axes
  3525 | D:5      | Entered Level 5 of the Dungeon
  3672 | D:5      | Noticed Sigmund
  3681 | D:5      | Killed Sigmund
  3681 | D:5      | Reached skill level 12 in Axes
  3681 | D:5      | Reached XP level 8. HP: 44/64 MP: 7/7
  4059 | D:5      | Found a runed door.
  4063 | D:5      | Noticed Crazy Yiuf
  4071 | D:5      | Killed Crazy Yiuf
  4312 | D:5      | Found a blossoming altar of Fedhas.
  4637 | D:6      | Found an ancient bone altar of Kikubaaqudgha.
  4806 | D:6      | Found Bien Guo's Armour Emporium.
  4861 | D:6      | Found a bloodstained altar of Trog.
  5035 | D:6      | Reached skill level 13 in Axes
  5393 | D:7      | Became a worshipper of Beogh the Brigand
  5393 | D:7      | Reached * piety under Beogh
  5393 | D:7      | Reached ** piety under Beogh
  5414 | D:7      | Reached XP level 9. HP: 72/72 MP: 8/8
  5442 | D:7      | Reached skill level 14 in Axes
  5498 | D:7      | Found a basalt altar of Yredelemnul.
  5511 | D:7      | Reached skill level 5 in Fighting
  5950 | D:7      | Reached skill level 15 in Axes
  6004 | D:7      | Found a staircase to the Ecumenical Temple.
  6049 | D:7      | Reached skill level 1 in Invocations
  6273 | D:7      | Found an iron altar of Okawaru.
  6393 | D:6      | Bought a +4 chain mail of magic resistance for 346 gold pieces
  6546 | D:8      | Got a fine hand axe
  6547 | D:8      | Identified the +8 hand axe of Execution {chop, Str+4 Dex+4} (You found it on level 8 of the Dungeon)
  6838 | D:8      | Found a hide-covered altar of Uskayaw.
  7036 | D:8      | Reached XP level 10. HP: 84/84 MP: 11/11
  7435 | D:8      | Reached skill level 16 in Axes
  7539 | D:8      | Gained mutation: You are frail. (-10% HP) [mutagenic glow]
  7837 | D:9      | Reached *** piety under Beogh
  7852 | D:9      | Gained mutation: Your flesh is cold resistant. (rC+) [mutagenic meat]
  7853 | D:9      | Lost mutation: Your magical capacity is low. (-10% MP) [mutagenic meat]
  7855 | D:9      | Gained mutation: Your system is resistant to poisons. (rPois) [mutagenic meat]
  7856 | D:9      | Gained mutation: Your mind is very acute. (Int +4) [mutagenic meat]
  7895 | D:9      | Found a hazy altar of Hepliaklqana.
  8062 | D:9      | Lost mutation: Your system is resistant to poisons. (rPois) [mutagenic meat]
  8065 | D:9      | Gained mutation: Your system is resistant to poisons. (rPois) [mutagenic meat]
  8230 | D:10     | Entered Level 10 of the Dungeon
  8230 | D:10     | Found Guop Qass's Armour Boutique.
  8230 | D:10     | Found a staircase to the Orcish Mines.
  8230 | D:10     | Found Emnusan's Weapon Boutique.
  8246 | D:10     | Reached skill level 5 in Invocations
  8486 | D:10     | Found a staircase to the Lair.
  8577 | D:10     | Reached skill level 1 in Armour
  8949 | D:10     | Killed an unseen horror
  9027 | D:11     | Reached **** piety under Beogh
  9116 | D:11     | Reached XP level 11. HP: 82/87 MP: 15/15
  9200 | D:11     | Killed an unseen horror
  9200 | D:11     | Reached skill level 10 in Fighting
  9223 | D:11     | Killed an unseen horror
  9293 | D:11     | Found Uxewot's Food Emporium.
  9600 | D:11     | Found a portal to a secret trove of treasure.
  9638 | D:11     | Was placed under penance by Beogh
  9663 | D:11     | Killed an orc knight
  9956 | D:11     | Noticed an eight-headed hydra
  9977 | D:11     | Killed a 13-headed hydra
  9977 | D:11     | Reached skill level 5 in Armour
 10241 | D:12     | Noticed a centaur warrior
 10251 | D:12     | Killed a centaur warrior
 10252 | D:12     | Noticed Phong's ghost (journeyman DrIE)
 10259 | D:12     | Noticed a brown ugly thing
 10294 | D:12     | Killed Phong's ghost
 10304 | D:12     | Killed a brown ugly thing
 10322 | D:12     | Gained mutation: Potions are less effective at restoring your health. [mutagenic glow]
 10342 | D:12     | Lost mutation: Your mind is very acute. (Int +4) [potion of mutation]
 10342 | D:12     | Lost mutation: Your system is resistant to poisons. (rPois) [potion of mutation]
 10342 | D:12     | Lost mutation: You are occasionally teleported next to monsters. [potion of mutation]
 10342 | D:12     | Lost mutation: You have sharp toenails. [potion of mutation]
 10342 | D:12     | Gained mutation: You possess an exceptional clarity of mind. [potion of mutation]
 10342 | D:12     | Lost mutation: You are frail. (-10% HP) [potion of mutation]
 10342 | D:12     | Gained mutation: You are robust. (+10% HP) [potion of mutation]
 10343 | D:12     | Lost mutation: Potions are less effective at restoring your health. [potion of mutation]
 10343 | D:12     | Lost mutation: You possess an exceptional clarity of mind. [potion of mutation]
 10343 | D:12     | Lost mutation: You are agile. (Dex +2) [potion of mutation]
 10343 | D:12     | Lost mutation: Your flesh is cold resistant. (rC+) [potion of mutation]
 10343 | D:12     | Lost mutation: Your mind is acute. (Int +2) [potion of mutation]
 10343 | D:12     | Lost mutation: Your movements are slightly less encumbered by armour. (ER -2) [potion of mutation]
 10343 | D:12     | Gained mutation: You are partially covered in slimy green scales. (AC +2) [potion of mutation]
 10580 | D:12     | Noticed a cyclops
 10583 | D:12     | Noticed Psyche
 10597 | D:12     | Killed an unseen horror
 10604 | D:12     | Killed Psyche
 10612 | D:12     | Killed a cyclops
 10972 | D:12     | Reached XP level 12. HP: 114/123 MP: 17/17
 11065 | D:12     | Noticed a two-headed ogre
 11071 | D:12     | Killed a two-headed ogre
 11159 | D:12     | Was forgiven by Beogh
 11734 | D:13     | Identified a scroll of acquirement
 12240 | D:14     | Noticed a centaur warrior
 12253 | D:14     | Killed a centaur warrior
 12256 | D:14     | Reached ***** piety under Beogh
 12365 | D:14     | Reached skill level 10 in Armour
 12405 | D:14     | Found a gate to the Vaults.
 12459 | D:14     | HP: 4/127 [acid (7)]
 12472 | D:14     | Noticed a seven-headed hydra
 12475 | D:14     | HP: 6/127 [seven-headed hydra (1)]
 12479 | D:14     | Slain by a seven-headed hydra

Skill      XL: |  1  2  3  4  5  6  7  8  9 10 11 12 |
---------------+-------------------------------------+-----
Axes           | 5 6 7 9 10 12 13 15 16 | 16.7
Fighting       | 4 6 9 12 13 | 13.9
Invocations    | 3 5 6 8 |  8.4
Armour         | 2 7 10 | 10.3
Dodging        | |  2.4
Stealth        | |  1.5
Transmutations | |  0.2
Earth Magic    | |  0.6

Action                   |  1- 3 |  4- 6 |  7- 9 | 10-12 || total
-------------------------+-------+-------+-------+-------++-------
Melee: Hand axe          |    89 |    48 |       |    26 ||   163
       War axe           |       |    71 |   232 |   429 ||   732
       Kick              |       |       |    60 |    82 ||   142
       Unarmed           |       |       |     3 |       ||     3
 Cast: Passwall          |       |     2 |       |       ||     2
Invok: Convert to Beogh  |       |       |     1 |       ||     1
  Use: Scroll            |       |     4 |     6 |    20 ||    30
       Potion            |       |       |       |    13 ||    13
 Stab: Sleeping          |     7 |     8 |     5 |       ||    20
       Invisible         |       |       |     2 |       ||     2
       Distracted        |       |       |       |     1 ||     1
  Eat: Chunk             |     1 |     6 |    18 |    26 ||    51
       Fruit             |       |       |     1 |     4 ||     5
Armor: Robe              |    17 |    21 |       |       ||    38
       Leather armour    |       |       |    29 |       ||    29
       Chain mail        |       |       |    16 |   231 ||   247
Dodge: Dodged            |    72 |    94 |    92 |   109 ||   367
Block: Other             |       |       |    19 |    72 ||    91
       Reflection        |       |       |       |     3 ||     3
